 Dungeon Crawl Stone Soup version 0.28-a0-691-gad6df49e81 (webtiles) character file.

Game seed: 6890655218243758807

76 jsc133 the Chopper (level 4, 0/40 HPs)
             Began as a Hill Orc Fighter on Oct 20, 2021.
             Killed by divine providence
             ... invoked by an orc priest
              (13 damage)
             ... on level 3 of the Dungeon.
             The game lasted 00:04:32 (455 turns).

jsc133 the Chopper (Hill Orc Fighter)                Turns: 455, Time: 00:04:32

Health: 0/40       AC:  8    Str: 19    XL:     4   Next: 32%
Magic:  4/4        EV:  9    Int:  8    God:
Gold:   51         SH:  4    Dex: 10    Spells: 3/3 levels left

rFire   . . .      SeeInvis .   a - +0 war axe
rCold   . . .      Faith    .   c - +0 buckler
rNeg    . . .      Spirit   .   b - +0 scale mail
rPois   .          Reflect  .   (no helmet)
rElec   .          Harm     .   (no cloak)
rCorr   .          Rampage  .   (no gloves)
Will    .....                   f - +0 pair of boots
Stlth   ..........              (no amulet)
HPRegen 0.13/turn               (no ring)
MPRegen 0.09/turn               (no ring)

@: no status effects
A: no striking features
a: Convert to Beogh


You were on level 3 of the Dungeon.
You visited 1 branch of the dungeon, and saw 3 of its levels.

You collected 51 gold pieces.

Inventory:

Hand Weapons
 a - a +0 war axe (weapon)
Armour
 b - a +0 scale mail (worn)
 c - a +0 buckler (worn)
 f - a +0 pair of boots (worn)
 g - a +0 ring mail
Magical Staves
 h - a staff of earth
Scrolls
 e - a scroll of acquirement {unknown}
Potions
 d - a potion of might


   Skills:
 + Level 4.0 Fighting
 + Level 4.4 Axes
 + Level 4.1 Armour
 + Level 0.3 Dodging
 + Level 3.4 Shields


You had 3 spell levels left.
You didn't know any spells.
Your spell library contained the following spells:

 Spells                   Type           Power      Damage    Failure   Level
 Summon Forest            Summ/Tloc      0%         N/A       100%        5
 Summon Mana Viper        Hex/Summ       0%         N/A       100%        5
 Summon Cactus Giant      Summ           0%         N/A       100%        6


Dungeon Overview and Level Annotations

Branches:
Dungeon (3/15)

Altars:


Message History

You closely miss the adder.
The adder is severely wounded.
You feel sick. The adder barely misses you. The adder bites you.
You are more poisoned.
The adder poisons you!
You barely miss the adder.
The adder is severely wounded.
You feel very sick. The adder barely misses you. You block the adder's attack.
You closely miss the adder.
The adder is severely wounded.
You feel sick. The adder closely misses you.
You completely miss the adder.
The adder is severely wounded.
You feel sick.
The adder bites you but does no damage. x2
You hit the adder.
You kill the adder!
You feel sick.
You feel sick.
You feel sick.
You are no longer poisoned.
Found 4 curare-tipped darts.
Found a scroll labelled TAULUR UTTIEMO.
You see here 2 silver boomerangs.
Found a runed dagger.
Found a scroll labelled YTANIK ZOBITU.
Found a stone staircase leading up.
e - a scroll labelled TAULUR UTTIEMO An orc and an orc priest come into view.
The orc shouts!
The orc priest shouts, "Beogh is our master!
Accept the truth or die!" (press Y on the ability menu to convert to Beogh)
The orc priest shouts!
You hear a shout!
The orc priest miscasts a cantrip.
An orc comes into view. It is wielding a +0 hand axe.
An orc comes into view. It is wielding a +0 club.
The orc shouts! x2
A scorpion comes into view.
The orc priest invokes the aid of Beogh against you.
Beogh smites you!
You die...

.... ######### .
..)....# #.......#..
.......# #......o.o.
.......# #..........
.....(.# #.....o....
......###..@....o..
##
##...........###..s
..####.>#.#.....###
.....#(.#<...####
...#..........#######
...###...............
....#.........#######
.............##
......#........


You could see a scorpion, an orc priest and 3 orcs.

Vanquished Creatures
  A gnoll (D:1)
  2 adders (D:3)
  A worm (D:2)
  A dart slug (D:1)
  4 ball pythons (D:1)
  3 bats
  5 endoplasms
  2 giant cockroaches (D:1)
  A hobgoblin (D:1)
  8 jackals
  5 kobolds
  A quokka (D:2)
  A frilled lizard (D:1)
  4 rats (D:1)
39 creatures vanquished.

Notes
Turn   | Place    | Note
-------+----------+-------------------------------------------
     0 | D:1      | jsc133 the Hill Orc Fighter began the quest for the Orb.
     0 | D:1      | Reached XP level 1. HP: 19/19 MP: 1/1
    47 | D:1      | Reached XP level 2. HP: 22/27 MP: 2/2
   223 | D:1      | Reached XP level 3. HP: 33/33 MP: 3/3
   402 | D:3      | Reached XP level 4. HP: 28/40 MP: 4/4
   455 | D:3      | Noticed a scorpion
   455 | D:3      | Killed from afar by an orc priest

Illustrated notes

Levels and vault maps discovered:
D:1:      dpeg_arrival_boxes_within_box, layout_rooms
D:2:      layout_rooms, shapermc_ecumenical_altar_totnotflames,
          uniq_crazy_yiuf_cottage, uniq_sigmund
D:3:      cheibrodos_pilgrimage, layout_rooms, eat_drink_and_be_merry_uskayaw,
          uniq_jessica

Skill      XL: |  1  2  3 |
---------------+----------+-----
Axes           | 3 4 |  4.4
Armour         | 4 |  4.1
Fighting       | 4 |  4.0
Dodging        | |  0.3
Shields        | |  3.4

Action                   |  1- 3 |  4- 6 || total
-------------------------+-------+-------++-------
Melee: War axe           |    70 |    12 ||    82
       Staff             |     4 |       ||     4
  Use: Potion            |     3 |       ||     3
Armor: Scale mail        |    52 |    12 ||    64
Dodge: Dodged            |    54 |    13 ||    67
Block: Buckler           |    20 |     4 ||    24

Table legend: (Time is in decaauts)
 A = Elapsed time spent in this place.
 B = Non-inter-level travel time spent in this place.
 C = Inter-level travel time spent in this place.
 D = Time resting spent in this place.
 E = Time spent auto-exploring this place.
 F = Levels seen in this place.
 G = Mean time per level.
                   A        B        C        D        E       F      G
               +--------+--------+--------+--------+--------+-----+--------+
         Total |    483 |    483 |      0 |      0 |      0 |   3 |  161.0 |
       Dungeon |    483 |    483 |      0 |      0 |      0 |   3 |  161.0 |
               +--------+--------+--------+--------+--------+-----+--------+

Top non-repeatable levels by time:
     D:1: 324 daAuts
     D:2: 85 daAuts
     D:3: 72 daAuts
